| TOP OF THE 1ST |
|
Cincinnati Reds batting - Pitching for San Francisco Giants : RHP Dan Neumeier
|
|
Pitching: RHP Dan Neumeier
|
|
|
Batting: RHB Gary Matthews
|
0-0: Swinging Strike 0-1: Ground out 5-3 (Groundball, 56S, EV 64.4 MPH)
|
|
Batting: RHB Bill Melton
|
0-0: Ball 1-0: Called Strike 1-1: Ground out 6-3 (Groundball, 6, EV 101.9 MPH)
|
|
Batting: LHB Mike Easler
|
0-0: Called Strike 0-1: Ball 1-1: Ball 2-1: DOUBLE (Flyball, 89D, EV 106.3 MPH)
|
|
Batting: LHB Darrell Evans
|
0-0: Called Strike 0-1: Foul Ball, location: 2F 0-2: Ball 1-2: Strikes out swinging
|
| Top of the 1st over - 0 runs, 1 hit, 0 errors, 1 left on base; Cincinnati 0 - San Francisco 0 |
| BOTTOM OF THE 1ST |
|
San Francisco Giants batting - Pitching for Cincinnati Reds : LHP Doug Rau
|
|
Pitching: LHP Doug Rau
|
|
|
Batting: SHB Kevin Bass
|
0-0: Ball 1-0: Ball 2-0: Called Strike 2-1: Ground out 5-3 (Groundball, 5, EV 98.8 MPH)
|
|
Batting: RHB Dickie Thon
|
0-0: Foul Ball, location: 2F 0-1: Ground out 4-3 (Groundball, 4, EV 80.6 MPH)
|
|
Batting: LHB Keith Hernandez
|
0-0: Ball 1-0: Ball 2-0: Ground out 5-3 (Groundball, 56, EV 83.1 MPH)
|
| Bottom of the 1st over - 0 runs, 0 hits, 0 errors, 0 left on base; Cincinnati 0 - San Francisco 0 |
| TOP OF THE 2ND |
|
Cincinnati Reds batting - Pitching for San Francisco Giants : RHP Dan Neumeier
|
|
Batting: RHB Johnny Bench
|
0-0: Ground out U3 (Groundball, 3, EV 88.8 MPH)
|
|
Batting: LHB Joseph Talley
|
0-0: Ball 1-0: Fly out, F8 (Flyball, 78D, EV 93.1 MPH)
|
|
Batting: RHB Jim Anderson
|
0-0: Called Strike 0-1: Called Strike 0-2: Ground out 5-3 (Groundball, 56S, EV 87.5 MPH)
|
| Top of the 2nd over - 0 runs, 0 hits, 0 errors, 0 left on base; Cincinnati 0 - San Francisco 0 |
| BOTTOM OF THE 2ND |
|
San Francisco Giants batting - Pitching for Cincinnati Reds : LHP Doug Rau
|
|
Batting: RHB Phil Bailey
|
0-0: Called Strike 0-1: Called Strike 0-2: SINGLE (Groundball, 6MD, EV 99.4 MPH)
|
|
Batting: SHB Tyler O'Dell
|
0-0: Ball 1-0: Called Strike 1-1: Ball 2-1: Fielders Choice at 2nd, 5-4 (Groundball, 56, EV 86.9 MPH)
|
|
Batting: RHB Don Slaught
|
0-0: Swinging Strike 0-1: Fly out, F8 (Flyball, 89M, EV 87.5 MPH)
|
|
Batting: RHB Kevin Howard
|
0-0: Ball 1-0: Called Strike 1-1: Ball 2-1: Ground out U3 (Groundball, 3, EV 91.3 MPH)
|
| Bottom of the 2nd over - 0 runs, 1 hit, 0 errors, 1 left on base; Cincinnati 0 - San Francisco 0 |
| TOP OF THE 3RD |
|
Cincinnati Reds batting - Pitching for San Francisco Giants : RHP Dan Neumeier
|
|
Batting: RHB Jesus Alfaro
|
0-0: Ball 1-0: Ball 2-0: Ball 3-0: Called Strike 3-1: Called Strike 3-2: Strikes out swinging
|
|
Batting: LHB Doug Rau
|
0-0: Ball 1-0: Called Strike 1-1: Ball 2-1: Foul Ball, location: 2F 2-2: Strikes out looking
|
|
Batting: RHB Gary Matthews
|
0-0: Ball 1-0: Foul Ball, location: 2F 1-1: Foul Ball, location: 2F 1-2: Ball 2-2: SINGLE (Line Drive, 9S, EV 101.9 MPH)
|
|
Batting: RHB Bill Melton
|
0-0: Ball 1-0: Called Strike 1-1: SINGLE (Line Drive, 8LS, EV 94.4 MPH) Gary Matthews to second Runner from 2nd tries for 3rd, SAFE, throw by LF made to third
|
|
Batting: LHB Mike Easler
|
0-0: Ball 1-0: Ball 2-0: Called Strike 2-1: Called Strike 2-2: Ball Wild Pitch! Gary Matthews scores Bill Melton to second 3-2: Foul Ball, location: 2F 3-2: Strikes out swinging
|
| Top of the 3rd over - 1 run, 2 hits, 0 errors, 1 left on base; Cincinnati 1 - San Francisco 0 |
| BOTTOM OF THE 3RD |
|
San Francisco Giants batting - Pitching for Cincinnati Reds : LHP Doug Rau
|
|
Batting: LHB Doug Frobel
|
0-0: Ball 1-0: Fly out, F8 (Flyball, 8LXD, EV 90.0 MPH)
|
|
Batting: RHB Dan Neumeier
|
0-0: Reached on error, E1 (Groundball, 15S, EV 69.4 MPH)
|
|
Batting: SHB Kevin Bass
|
0-0: Called Strike 0-1: Ball 1-1: Ball 2-1: Fly out, F8 (Flyball, 8RS, EV 91.9 MPH)
|
|
Batting: RHB Dickie Thon
|
0-0: Fly out, F2 (Popup, 13S, EV 89.4 MPH)
|
| Bottom of the 3rd over - 0 runs, 0 hits, 1 error, 1 left on base; Cincinnati 1 - San Francisco 0 |
| TOP OF THE 4TH |
|
Cincinnati Reds batting - Pitching for San Francisco Giants : RHP Dan Neumeier
|
|
Batting: LHB Darrell Evans
|
0-0: Foul Ball, location: 2F 0-1: Foul Ball, location: 2F 0-2: Foul Ball, location: 2F 0-2: Ball 1-2: Foul Ball, location: 2F 1-2: Foul Ball, location: 2F 1-2: Fly out, F8 (Flyball, 8LM, EV 88.8 MPH)
|
|
Batting: RHB Johnny Bench
|
0-0: Swinging Strike 0-1: Ball 1-1: Called Strike 1-2: Ball 2-2: Reached on error, E6 (Groundball, 56, EV 100.6 MPH)
|
|
Batting: LHB Joseph Talley
|
0-0: Ball 1-0: Fly out, F6 (Flyball, 6D, EV 88.8 MPH)
|
|
Batting: RHB Jim Anderson
|
0-0: Ball 1-0: SINGLE (Groundball, 4MD, EV 111.3 MPH) Johnny Bench to third Runner from 3rd tries for Home, SAFE, throw by CF to home
|
|
Batting: RHB Jesus Alfaro
|
0-0: Foul Ball, location: 2F 0-1: Called Strike 0-2: Ball 1-2: Foul Ball, location: 2F 1-2: Fly out, F4 (Flyball, 3D, EV 69.4 MPH)
|
| Top of the 4th over - 1 run, 1 hit, 1 error, 1 left on base; Cincinnati 2 - San Francisco 0 |
| BOTTOM OF THE 4TH |
|
San Francisco Giants batting - Pitching for Cincinnati Reds : LHP Doug Rau
|
|
Batting: LHB Keith Hernandez
|
0-0: SINGLE (Line Drive, 78S, EV 93.1 MPH)
|
|
Batting: RHB Phil Bailey
|
0-0: Ball 1-0: Fly out, F4 (Flyball, 4MD, EV 83.1 MPH)
|
|
Batting: SHB Tyler O'Dell
|
0-0: Called Strike 0-1: Ball 1-1: DOUBLE (Groundball, 5L, EV 107.5 MPH) Keith Hernandez to third
|
|
Batting: RHB Don Slaught
|
0-0: Fly out, F4 (Popup, 4S, EV 79.4 MPH)
|
|
Batting: RHB Kevin Howard
|
0-0: Ball 1-0: Ball 2-0: Ball 3-0: Called Strike 3-1: Foul Ball, location: 2F 3-2: Foul Ball, location: 2F 3-2: Ground out 5-3 (Groundball, 56S, EV 86.9 MPH)
|
| Bottom of the 4th over - 0 runs, 2 hits, 0 errors, 2 left on base; Cincinnati 2 - San Francisco 0 |
| TOP OF THE 5TH |
|
Cincinnati Reds batting - Pitching for San Francisco Giants : RHP Dan Neumeier
|
|
Batting: LHB Doug Rau
|
0-0: Called Strike 0-1: Ball 1-1: Swinging Strike 1-2: Strikes out looking
|
|
Batting: RHB Gary Matthews
|
0-0: Called Strike 0-1: Fly out, F8 (Flyball, 8RXD, EV 109.4 MPH)
|
|
Batting: RHB Bill Melton
|
0-0: Called Strike 0-1: Foul Ball, location: 2F 0-2: Ground out 5-3 (Groundball, 56, EV 79.4 MPH)
|
| Top of the 5th over - 0 runs, 0 hits, 0 errors, 0 left on base; Cincinnati 2 - San Francisco 0 |
| BOTTOM OF THE 5TH |
|
San Francisco Giants batting - Pitching for Cincinnati Reds : LHP Doug Rau
|
|
Batting: LHB Doug Frobel
|
0-0: Called Strike 0-1: Ball 1-1: SINGLE (Line Drive, 78S, EV 94.4 MPH)
|
|
Batting: RHB Dan Neumeier
|
0-0: Bunted foul 0-1: Bunt missed! 0-2: Ball 1-2: Sac Bunt to 3S - play at first, batter OUT! 3-1 Doug Frobel to second
|
|
Batting: SHB Kevin Bass
|
0-0: Called Strike 0-1: Foul Ball, location: 2F 0-2: Ball 1-2: Ball 2-2: Ground out 5-3 (Groundball, 5S, EV 75.6 MPH) Doug Frobel to third
|
|
Batting: RHB Dickie Thon
|
0-0: Ball 1-0: Ball 2-0: Ball 3-0: Called Strike 3-1: Base on Balls
|
|
Batting: LHB Keith Hernandez
|
0-0: Ball 1-0: Ball Dickie Thon steals 2nd, throwing error, E2 Doug Frobel scores Dickie Thon to third 2-0: Foul Ball, location: 2F 2-1: Ground out 4-3 (Groundball, 34D, EV 111.3 MPH)
|
| Bottom of the 5th over - 1 run, 1 hit, 1 error, 1 left on base; Cincinnati 2 - San Francisco 1 |
| TOP OF THE 6TH |
|
Cincinnati Reds batting - Pitching for San Francisco Giants : RHP Dan Neumeier
|
|
Batting: LHB Mike Easler
|
0-0: Ball 1-0: Ground out 6-3 (Groundball, 6, EV 103.1 MPH)
|
|
Batting: LHB Darrell Evans
|
0-0: Ball 1-0: Fly out, F9 (Flyball, 9LD, EV 97.5 MPH)
|
|
Batting: RHB Johnny Bench
|
0-0: Ball 1-0: Fly out, F8 (Flyball, 8RXD, EV 97.5 MPH)
|
| Top of the 6th over - 0 runs, 0 hits, 0 errors, 0 left on base; Cincinnati 2 - San Francisco 1 |
| BOTTOM OF THE 6TH |
|
San Francisco Giants batting - Pitching for Cincinnati Reds : LHP Doug Rau
|
|
Batting: RHB Phil Bailey
|
0-0: Ball 1-0: Ball 2-0: Called Strike 2-1: Ball 3-1: Base on Balls
|
|
Batting: SHB Tyler O'Dell
|
0-0: Foul Ball, location: 2F 0-1: Swinging Strike 0-2: Fly out, F9 (Flyball, 89S, EV 95.0 MPH)
|
|
Batting: RHB Don Slaught
|
0-0: Foul Ball, location: 2F 0-1: Ball 1-1: Fielders Choice at 2nd, 6-4 (Groundball, 6, EV 88.1 MPH)
|
|
Batting: RHB Kevin Howard
|
0-0: Ball 1-0: Ball 2-0: DOUBLE (Flyball, 78XD, EV 105.0 MPH) Don Slaught to third Runner from 3rd tries for Home, SAFE, throw by LF to home
|
|
Batting: LHB Doug Frobel
|
0-0: Intentional Walk
|
|
Batting: RHB Dan Neumeier
|
0-0: Fielders Choice at 2nd, U4 (Groundball, 4M, EV 81.9 MPH)
|
| Bottom of the 6th over - 1 run, 1 hit, 0 errors, 2 left on base; Cincinnati 2 - San Francisco 2 |
| TOP OF THE 7TH |
|
Cincinnati Reds batting - Pitching for San Francisco Giants : RHP Dan Neumeier
|
|
Batting: LHB Joseph Talley
|
0-0: Ball 1-0: Ball 2-0: Ball 3-0: Called Strike 3-1: Swinging Strike 3-2: Strikes out swinging
|
|
Batting: RHB Jim Anderson
|
0-0: Swinging Strike 0-1: Ball 1-1: Ball 2-1: SINGLE (Groundball, 5S, EV 63.8 MPH) (infield hit)
|
|
Batting: RHB Jesus Alfaro
|
0-0: Ball 1-0: Foul Ball, location: 2F 1-1: Swinging Strike 1-2: Ball 2-2: Foul Ball, location: 2F 2-2: Fly out, F9 (Flyball, 9, EV 85.0 MPH)
|
|
Batting: LHB Doug Rau
|
0-0: Ball 1-0: Swinging Strike 1-1: Foul Ball, location: 2F 1-2: Ball 2-2: Strikes out swinging
|
| Top of the 7th over - 0 runs, 1 hit, 0 errors, 1 left on base; Cincinnati 2 - San Francisco 2 |
| BOTTOM OF THE 7TH |
|
San Francisco Giants batting - Pitching for Cincinnati Reds : LHP Doug Rau
|
|
Batting: SHB Kevin Bass
|
0-0: Ball 1-0: Ball 2-0: Foul Ball, location: 2F 2-1: SINGLE (Line Drive, 89S, EV 100.6 MPH)
|
|
Batting: RHB Dickie Thon
|
0-0: Reached on error, E6 (Groundball, 6, EV 88.8 MPH) Kevin Bass to second
|
|
Batting: LHB Keith Hernandez
|
0-0: Ball 1-0: Called Strike 1-1: Foul Ball, location: 2F 1-2: Foul Ball, location: 2F 1-2: SINGLE (Line Drive, 8RS, EV 100.6 MPH) Kevin Bass to third Dickie Thon to second Runner from 3rd tries for Home, SAFE, throw by CF to home Dickie Thon to third Keith Hernandez to second
|
|
Batting: RHB Phil Bailey
|
0-0: Ball 1-0: Ball 2-0: Ball 3-0: Base on Balls
|
|
Batting: SHB Tyler O'Dell
|
0-0: Called Strike 0-1: SINGLE (Line Drive, 9LS, EV 90.0 MPH) Dickie Thon scores Keith Hernandez to third Phil Bailey to second Runner from 3rd tries for Home, SAFE, throw by RF to home
|
|
Batting: RHB Don Slaught
|
0-0: Ball 1-0: Called Strike 1-1: Grounds into double play, 6-4-3 (Groundball, 6, EV 89.4 MPH) Phil Bailey to third
|
|
Batting: RHB Kevin Howard
|
0-0: Intentional Walk
|
|
Batting: LHB Doug Frobel
|
0-0: Ball 1-0: Fielders Choice at 2nd, 5-4 (Groundball, 5L, EV 84.4 MPH)
|
| Bottom of the 7th over - 3 runs, 3 hits, 1 error, 2 left on base; Cincinnati 2 - San Francisco 5 |
| TOP OF THE 8TH |
|
Cincinnati Reds batting - Pitching for San Francisco Giants : RHP Dan Neumeier
|
|
Batting: RHB Gary Matthews
|
0-0: Called Strike 0-1: Foul Ball, location: 2F 0-2: Foul Ball, location: 2F 0-2: Foul Ball, location: 2F 0-2: Strikes out swinging
|
|
Batting: RHB Bill Melton
|
0-0: Ball 1-0: Foul Ball, location: 2F 1-1: Ball 2-1: Called Strike 2-2: SINGLE (Groundball, 6MD, EV 104.4 MPH)
|
|
Pitching: LHP Doug Capilla
|
|
|
Batting: LHB Mike Easler
|
0-0: Called Strike 0-1: Ball 1-1: Ball 2-1: Grounds into double play, 4-6-3 (Groundball, 4, EV 85.0 MPH)
|
| Top of the 8th over - 0 runs, 1 hit, 0 errors, 0 left on base; Cincinnati 2 - San Francisco 5 |
| BOTTOM OF THE 8TH |
|
San Francisco Giants batting - Pitching for Cincinnati Reds : LHP Doug Rau
|
|
Pinch Hitting: SHB Larry Reynolds
|
0-0: Called Strike 0-1: Fly out, F3 (Flyball, 3D, EV 90.0 MPH)
|
|
Batting: SHB Kevin Bass
|
0-0: Swinging Strike 0-1: Ball 1-1: Foul Ball, location: 2F 1-2: Ground out 4-3 (Groundball, 4, EV 101.3 MPH)
|
|
Batting: RHB Dickie Thon
|
0-0: Ball 1-0: Called Strike 1-1: Fly out, F2 (Popup, 23F, EV 81.3 MPH)
|
| Bottom of the 8th over - 0 runs, 0 hits, 0 errors, 0 left on base; Cincinnati 2 - San Francisco 5 |
| TOP OF THE 9TH |
|
Cincinnati Reds batting - Pitching for San Francisco Giants : LHP Doug Capilla
|
|
Pitching: RHP Ross Davis
|
|
|
Batting: LHB Darrell Evans
|
0-0: Ball 1-0: Called Strike 1-1: Foul Ball, location: 2F 1-2: Fly out, F7 (Flyball, 78D, EV 109.4 MPH)
|
|
Batting: RHB Johnny Bench
|
0-0: Called Strike 0-1: Ball 1-1: Called Strike 1-2: Ball 2-2: Ball 3-2: Foul Ball, location: 2F 3-2: Base on Balls
|
|
Batting: LHB Joseph Talley
|
0-0: Ball 1-0: Ball 2-0: Ball 3-0: Base on Balls Johnny Bench to second
|
|
Batting: RHB Jim Anderson
|
0-0: Ball 1-0: Ball 2-0: Fielders Choice at 2nd, 4-6 (Groundball, 4, EV 80.0 MPH) Johnny Bench to third
|
|
Pinch Hitting: LHB Jim Bennett
|
0-0: Ball 1-0: Called Strike 1-1: Fielders Choice at 2nd, 6-4 (Groundball, 6, EV 92.5 MPH)
|
| Top of the 9th over - 0 runs, 0 hits, 0 errors, 2 left on base; Cincinnati 2 - San Francisco 5 |
|